 Dungeon Sprint DCSS version 0.29.1-15-g9cfb28693d (webtiles) character file.

Game seed: 13113314442200190391

938 Groucho the Fighter (level 8, 0/82 HPs)
             Began as a Naga Fighter on Apr 21, 2023.
             Was a Believer of Cheibriados.
             Slain by a tengu warrior
             ... wielding a +0 long sword
              (11 damage)
             ... in the Dungeon (Sprint IX: "|||||||||||||||||||||||||||||").
             The game lasted 00:03:52 (1244 turns).

Groucho the Fighter (Naga Fighter)                  Turns: 1244, Time: 00:03:52

Health: 0/82       AC: 13    Str: 27    XL:     8   Next: 12%
Magic:  14/14      EV:  8    Int: 13    God:    Cheibriados [**....]
Gold:   0          SH:  6    Dex: 18    Spells: 7/7 levels left

rFire   . . .      SeeInvis +   l - +3 war axe (freeze)
rCold   . . .      Faith    .   c - +0 buckler
rNeg    . . .      Spirit   .   a - +2 ring mail
rPois   +          Reflect  .   m - +0 helmet
rElec   .          Harm     .   (no cloak)
rCorr   .          Rampage  .   n - +0 pair of gloves
Will    +....      NoTele   +   (no barding)
Stlth   +.........              (no amulet)
HPRegen 0.23/turn               b - +3 ring of strength
MPRegen 0.14/turn               o - +2 ring of protection

@: invisible, very slow
A: AC +2, large, see invisible, deformed body, poison resistance, slowness 2,
spit poison 1, naga tail 1
a: Spit Poison, Renounce Religion, Bend Time


You were in the Dungeon.
You worshipped Cheibriados.
Cheibriados was pleased with you.
You visited 1 branch

Inventory:

Hand Weapons
 l - a +3 war axe of freezing (weapon)
Armour
 a - a +2 ring mail (worn)
 c - a +0 buckler (worn)
 m - a +0 helmet (worn)
 n - a +0 pair of gloves (worn)
Jewellery
 b - a +3 ring of strength (left hand)
 o - a +2 ring of protection (right hand)
Wands
 k - a wand of acid (10)
Scrolls
 i - 2 scrolls of amnesia
 j - a scroll of blinking
Potions
 d - a potion of might
 e - 5 potions of curing
 h - 4 potions of magic


   Skills:
 + Level 8.4 Fighting
 + Level 8.0 Axes
 + Level 6.9 Armour
 + Level 7.6 Shields
 * Level 8.4 Invocations


You had 7 spell levels left.
You didn't know any spells.
Your spell library was empty.

Dungeon Overview and Level Annotations

Branches:
Dungeon (1/1)

Altars:
Cheibriados
Dithmenos
Elyvilon
Fedhas
Gozag
Hepliaklqana
Kikubaaqudgha
Makhleb
Nemelex Xobeh
Okawaru
Qazlal
Ru
Sif Muna
Trog
Uskayaw
Vehumet
Wu Jian
Xom
Yredelemnul
Zin
The Shining One
Jiyva
Lugonu


Innate Abilities, Weirdness & Mutations

Your serpentine skin is tough. (AC +2)
You have supernaturally acute eyesight. (SInv)
Armour fits poorly on your strangely shaped body.
Your system is resistant to poisons. (rPois)
You cover ground very slowly.
You can spit poison.
You have a snake-like lower body.


Message History

The tengu warrior pecks you but does no damage.
The tengu warrior claws you but does no damage.
Unknown command.
Unknown command.
You slash the tengu warrior! You freeze the tengu warrior.
The tengu warrior is heavily wounded.
You block the tengu warrior's attack. The tengu warrior pecks you.
* * * LOW HITPOINT WARNING * * *
The tengu warrior claws you but does no damage.
Unknown command.
Unknown command.
You fade into invisibility!
The tengu warrior hits you but does no damage.
The tengu warrior pecks you but does no damage.
The tengu warrior claws you.
* * * LOW HITPOINT WARNING * * *
The tengu warrior hits you with a +0 long sword!
* * * LOW HITPOINT WARNING * * *
The tengu warrior barely misses you. You block the tengu warrior's attack.
Unknown command.
Unknown command.
You block the tengu warrior's attack.
The tengu warrior pecks you but does no damage.
You block the tengu warrior's attack.
The tengu warrior hits you with a +0 long sword.
* * * LOW HITPOINT WARNING * * *
You block the tengu warrior's attack.
The tengu warrior claws you but does no damage.
Unknown command.
The tengu warrior hits you but does no damage.
You block the tengu warrior's attack.
The tengu warrior claws you but does no damage.
Unknown command.
Unknown command.
The tengu warrior hits you but does no damage.
The tengu warrior barely misses you.
The tengu warrior claws you but does no damage.
Unknown command.
The tengu warrior hits you with a +0 long sword!
You die... ▓▓▓▓▓▓▓▓▓▓▓▓▓▓▓▓▓▓▓▓▓▓▓▓▓▓▓▓▓ _____'..).[....)@QJ.u.NcB.... ▓▓▓▓▓▓▓▓▓▓▓▓▓▓▓▓▓▓▓▓▓▓▓▓▓▓▓▓▓

You could see a brown ugly thing (unable to see you), a slime creature (unable to see you), a tengu warrior (unable to see you), a centaur warrior (unable to see you) and a naga shaped shifter.

Vanquished Creatures
  A troll (D)
  A wraith (D)
  2 yaks (D)
  An orc warrior (D)
  2 scorpions (D)
  A howler monkey (D)
  An iguana (D)
  An orc wizard (D)
  An adder (D)
  An endoplasm (D)
  2 giant cockroaches (D)
  2 kobolds (D)
16 creatures vanquished.

Notes
Turn   | Place    | Note
-------+----------+-------------------------------------------
     0 | D        | Groucho the Naga Fighter began the quest for the Orb.
     0 | D        | Reached XP level 1. HP: 21/21 MP: 1/1
    23 | D        | Reached XP level 2. HP: 9/28 MP: 2/2
   533 | D        | Noticed a scorpion
   533 | D        | Noticed a howler monkey
   533 | D        | Noticed a scorpion
   545 | D        | Killed a scorpion
   546 | D        | Reached XP level 3. HP: 32/38 MP: 3/3
   546 | D        | Reached XP level 4. HP: 38/45 MP: 4/4
   548 | D        | Reached skill level 5 in Fighting
  1090 | D        | Reached skill level 5 in Axes
  1090 | D        | Reached skill level 5 in Shields
  1090 | D        | Reached XP level 5. HP: 45/54 MP: 5/5
  1097 | D        | Reached skill level 5 in Armour
  1112 | D        | Found a snail-covered altar of Cheibriados.
  1112 | D        | Found a shadowy altar of Dithmenos.
  1112 | D        | Found a white marble altar of Elyvilon.
  1112 | D        | Found a blossoming altar of Fedhas.
  1112 | D        | Found an opulent altar of Gozag.
  1113 | D        | Found a hazy altar of Hepliaklqana.
  1114 | D        | Found a viscous altar of Jiyva.
  1115 | D        | Found an ancient bone altar of Kikubaaqudgha.
  1116 | D        | Became a worshipper of Cheibriados the Contemplative
  1117 | D        | Found a corrupted altar of Lugonu.
  1118 | D        | Found a burning altar of Makhleb.
  1119 | D        | Found a sparkling altar of Nemelex Xobeh.
  1120 | D        | Found an iron altar of Okawaru.
  1121 | D        | Found a stormy altar of Qazlal.
  1122 | D        | Found a sacrificial altar of Ru.
  1123 | D        | Found a shimmering blue altar of Sif Muna.
  1124 | D        | Found a bloodstained altar of Trog.
  1125 | D        | Found a hide-covered altar of Uskayaw.
  1126 | D        | Found a radiant altar of Vehumet.
  1127 | D        | Found an ornate altar of the Wu Jian Council.
  1128 | D        | Found a shimmering altar of Xom.
  1129 | D        | Found a basalt altar of Yredelemnul.
  1130 | D        | Found a glowing silver altar of Zin.
  1131 | D        | Found a glowing golden altar of the Shining One.
  1188 | D        | Noticed a yak
  1188 | D        | Noticed a wraith
  1188 | D        | Noticed a troll
  1188 | D        | Noticed a yak
  1188 | D        | Noticed an orc warrior
  1194 | D        | Killed a yak
  1195 | D        | Reached XP level 6. HP: 50/63 MP: 5/9
  1202 | D        | Killed a wraith
  1203 | D        | Reached XP level 7. HP: 48/72 MP: 6/11
  1212 | D        | Killed a troll
  1212 | D        | Reached * piety under Cheibriados
  1219 | D        | Killed a yak
  1222 | D        | Reached ** piety under Cheibriados
  1223 | D        | Reached XP level 8. HP: 39/82 MP: 9/14
  1232 | D        | Noticed a tengu warrior
  1232 | D        | Noticed a slime creature
  1232 | D        | Noticed a brown ugly thing
  1232 | D        | Noticed a queen bee
  1232 | D        | Noticed a centaur warrior
  1232 | D        | Noticed a boulder beetle
  1236 | D        | a queen bee changed into a human
  1244 | D        | Slain by a tengu warrior

Illustrated notes

Levels and vault maps discovered:
D:        linesprint [early_d, line_temple, items_1, d_10, items_2, lair_1,
          lair_end, items_3, orc_1, orc_end, items_4, d_15, swamp_1, shoals_1,
          snake_1, spider_1, d_20, vaults_1, items_5, swamp_end, shoals_end,
          snake_end, spider_end, vaults_end, d_27, items_6, zot_1, zot_end,
          crypt_end, forest_end, elf_end, slime_end, tomb_end, abyss_end,
          pan_hell_end]

Skill      XL: |  1  2  3  4  5  6  7 |
---------------+----------------------+-----
Shields        | 3 4 5 6 7 |  7.6
Fighting       | 4 5 6 7 8 |  8.4
Axes           | 4 5 6 7 8 |  8.0
Armour         | 3 4 5 6 |  6.9
Invocations    | 4 6 8 |  8.4

Action                   |  1- 3 |  4- 6 |  7- 9 || total
-------------------------+-------+-------+-------++-------
Melee: War axe           |    28 |    35 |    25 ||    88
  Use: Potion            |     2 |       |     4 ||     6
       Scroll            |       |     1 |       ||     1
Armor: Scale mail        |    11 |     7 |       ||    18
       Ring mail         |       |     4 |    34 ||    38
Dodge: Dodged            |     6 |    19 |    20 ||    45
Block: Buckler           |     8 |     2 |    19 ||    29
